Marcille, chaotic female elven Wizard --------------- |.....|.....|<| |.>..`|.....|.| |.....|`....|[| |......d%.[.|.| |--.---d@...|.| |.....|.....|.| |.....-------.| |.............| -----...----..| ----- ---- Marcille the Thaumaturge Experience level: 9 Strength: 15 Dexterity: 11 Constitution: 13 Intelligence: 21 Wisdom: 15 Charisma: 10 Health: 0(55) Energy: 97(100) Def: 7 Gold: 0 Moves: 10411 Dungeon seed: cJdCEHJDqiMl-b3r Game ID: Marcille_1562054288 Your Inventory: Weapons K - the rustproof +0 Magicbane (weapon in hand) Armor a - an uncursed +0 studded leather armor (being worn) e - an uncursed +0 cloak of magic resistance (being worn) r - an uncursed +0 pair of elven boots (being worn) L - a blessed +1 pair of gauntlets of dexterity (being worn) Scrolls F - 2 uncursed scrolls of blank paper Rings E - an uncursed ring of levitation Wands g - a wand of cold (0:5) i - a wand of fire (0:5) w - a wand of digging (0:7) Tools o - an uncursed skeleton key q - an uncursed stethoscope B - an uncursed bag of holding Spells and supernatural/magical abilities: Name Level Category Fail Memory a - force bolt 1 attack 0% 48% d - dig 2 matter 0% 83% f - fireball 4 attack 33% 82% h - healing 1 healing 0% 83% m - magic missile 2 attack 0% 60% p - protection 1 clerical 0% 57% z - sleep 2 enchantment 0% 57% B - cure blindness 2 healing 0% 57% O - create monster 2 clerical 0% 48% S - stone to flesh 3 healing 50% 83% W - pray for help -- divine ? -- Your skills at the end: Miscellaneous Skills wands [Basic] Weapon Skills dagger [Basic] quarterstaff [Basic] Spellcasting Skills attack spells [Basic] enchantment spells [Basic] Final Attributes: You were piously aligned. You were sleep resistant. You were poison resistant. You were magic-protected. Your writing hand was cramped from overuse. You were telepathic. You had infravision. You were very stealthy. You are dead. Vanquished creatures: a ghost 2 giant mimics a large mimic a quantum mechanic a small mimic 2 shocking spheres a large cat a leocrotta an elf mummy a human mummy 2 giant beetles a wolf 2 winter wolf cubs a lynx a leprechaun a quivering blob a lizard a mumak a giant spider an iron piercer 2 gnome kings an orc mummy a yeti 2 gold golems a dwarf lord 2 blue jellies a snake 2 apes a rope golem 5 soldier ants a fire ant a yellow light 2 bugbears an imp a wood nymph 13 Uruk-hai 2 rock piercers 2 ponies 2 fog clouds 3 shriekers 9 gnome lords 2 gnomish wizards a red naga hatchling a golden naga hatchling a guardian naga hatchling a gray ooze 2 elf zombies a ghoul 2 paper golems 4 giant ants 3 puppies 5 floating eyes 4 kittens 8 dwarves 3 kobold shamans 3 iguanas 2 rothes 2 rabid rats a jitterbug 3 giant bats 2 monkeys 3 orc zombies 2 dwarf zombies a wererat 6 killer bees 6 coyotes 5 hobbits 5 acid blobs 3 geckos 5 hobgoblins 5 giant rats 4 cave spiders 2 brown molds 6 yellow molds a green mold 18 gnomes 11 garter snakes 2 manes a gnome zombie 17 jackals a kobold 6 newts 8 goblins 3 sewer rats 6 grid bugs a bat 8 lichens 7 kobold zombies 273 creatures vanquished. Voluntary challenges: You did not cause conflict. You did not have reflection. You were not displaced. You used a wielded weapon 145 times, starting on turn 5. You did not apply a unicorn horn. You did not use plumbed fixtures. You read items or engraved 38 times, starting on turn 24. You never genocided any monsters. You never polymorphed an object. You never changed form. You completed Sokoban on turn 9732, according to the rules. You used no wishes. You never split a pudding. You wrote Elbereth's name 7 times, starting on turn 24. You violated your moral code, losing 3 points of alignment, starting on turn 5729. Dungeon overview: The Dungeons of Doom: levels 1 to 10 Level 1 a long staircase Level 2 stairs to The Gnomish Mines Level 3 a general store, a fountain Level 4 some fountains Level 5 a weapon shop Level 6 an altar to Anhur, some fountains Level 7 a jewelry store Level 8 many fountains Level 9 a fountain stairs to Sokoban Level 10 The Gnomish Mines: levels 3 to 7 Level 3 stairs to The Dungeons of Doom Level 4 Level 5 Level 6 many shops, a temple to Ptah, a magic chest, some trees Level 7 Sokoban: levels 5 to 8 Level 5 a magic chest Level 6 a sink Level 7 Level 8 <- You were here an altar to Anhur, a magic chest stairs to The Dungeons of Doom History has recorded: On T:1 you entered the Dungeons of Doom to retrieve the Amulet of Yendor! On T:51 you reached level 2 of The Dungeons of Doom. On T:382 you reached level 1 of The Gnomish Mines. On T:665 you advanced to experience level 2. On T:726 you advanced to experience level 3. On T:895 you reached level 2 of The Gnomish Mines. On T:947 you advanced to experience level 4. On T:995 you advanced to experience level 5. On T:1340 you reached level 3 of The Gnomish Mines. On T:1425 you reached level 4 of The Gnomish Mines. On T:1470 you advanced to experience level 6. On T:1613 you prayed to Anhur. On T:1835 you reached level 5 of The Gnomish Mines. On T:2055 you entered the Minetown temple On T:2076 you opened a magic chest. On T:2622 you advanced to experience level 7. On T:3045 you prayed to Anhur. On T:3115 you reached level 3 of The Dungeons of Doom. On T:3600 you reached level 4 of The Dungeons of Doom. On T:3787 you reached level 5 of The Dungeons of Doom. On T:4490 you reached level 6 of The Dungeons of Doom. On T:4518 you reached level 7 of The Dungeons of Doom. On T:4948 you advanced to experience level 8. On T:5299 you reached level 8 of The Dungeons of Doom. On T:5826 you reached level 9 of The Dungeons of Doom. On T:6019 you reached level 10 of The Dungeons of Doom. On T:6188 you reached level 4 of Sokoban. On T:6348 you prayed to Anhur. On T:6694 you reached level 3 of Sokoban. On T:7748 you reached level 2 of Sokoban. On T:8400 you prayed to Anhur. On T:8499 you reached level 1 of Sokoban. On T:9732 you advanced to experience level 9. On T:9732 you entered the Sokoban zoo. On T:10251 you prayed to Anhur. On T:10340 you received Magicbane from Anhur. Score breakdown: Gold: 0 ( 0 points) Experience: 9 levels ( 800 points) Exploration: 10 levels ( 270 points) Discoveries: 38 items ( 1900 points) Variety of kills: 88 monsters ( 2000 points) Major goal: finished Sokoban ( 1000 points) Survival: died (score multiplied by 3) Total score: 17910 Latest messages: You slash the rabid rat. The rabid rat misses. You kill the rabid rat! You see here a rabid rat corpse. O - a rabid rat corpse. Your sacrifice is consumed in a burst of flame! You have a hopeful feeling. The werewolf hurls a ruby potion! The phial crashes on your head and breaks into shards. Something seems to be holding you. The werewolf changes into a wolf. The werewolf bites! You feel feverish for a moment, but it passes. The werewolf bites! You feel feverish for a moment, but it passes. The large dog bites the werewolf. The werewolf bites! You die... The bag of holding is empty. The bag of holding is empty. Final status: Goodbye Marcille the Wizard, killed by a werewolf, while frozen by potion vapours... You died in Sokoban on dungeon level 8 with 17910 points, and 0 pieces of gold, after 10411 moves. You were level 9 with a maximum of 55 hit points when you died.